[ AOE2 MATCH · #494320744 ]
UnrankedChinese vs Spanish
Player's team · WIN
Rival team · LOSS
[ REPLAY ANALYSIS · EXTRACTED FROM THE RECORDED GAME ]
Feudal
11:01
Castle
16:47
Imperial
37:16
| APM avg | 41.5 |
| APM peak | 85 |
| eAPM avg | 20.7 |
| Villagers / military | 170 / 15 |
Focus
⚔️ 23.5% · 🌾 76.5%
Iron Pagoda ×8 · Trebuchet (Packed) ×3 · Archer ×2 · Monk ×1 · Scorpion ×1
Feudal
8:57
Castle
20:55
Imperial
39:38
| APM avg | 33.9 |
| APM peak | 65 |
| eAPM avg | 18.9 |
| Villagers / military | 79 / 25 |
Focus
⚔️ 41.4% · 🌾 58.6%
Conquistador ×12 · Mangonel ×7 · Scout Cavalry ×3 · Missionary ×2 · Trebuchet (Packed) ×1
Match map
Initial resources + every placement click. Lines = walls · curves = elevation contours. ◆ gold · ⬟ stone · ● berries · ✦ relic · ◌ wall gap
Your base· ✓ Closed at 16:47 · 35t walls · no gate
盐堆大王's base· ✓ Closed at 20:55 · 48t walls · no gate
Smoothed initial terrain · ◌ = detected wall gap · hover for details
Inputs per minute
— OS | pilot - - 盐堆大王
Build order — OS | pilot
First 150 of 354 actions detected
| 0:05 | Research | Loom |
| 0:42 | Create | Villager (Male) |
| 0:43 | Create | Villager (Male) |
| 1:09 | Create | Villager (Male) |
| 1:10 | Create | Villager (Male) |
| 1:32 | Create | Villager (Male) |
| 1:59 | Build | Lumber Camp |
| 2:11 | Create | Villager (Male) |
| 2:26 | Create | Villager (Male) |
| 2:46 | Create | Villager (Male) |
| 2:47 | Create | Villager (Male) |
| 3:11 | Create | Villager (Male) |
| 3:19 | Build | House |
| 3:20 | Build | House |
| 3:29 | Build | House |
| 3:45 | Create | Villager (Male) |
| 3:45 | Create | Villager (Male) |
| 3:49 | Build | House |
| 4:06 | Create | Villager (Male) |
| 4:22 | Build | Mill |
| 4:30 | Build | House |
| 4:40 | Create | Villager (Male) |
| 4:42 | Create | Villager (Male) |
| 5:05 | Create | Villager (Male) |
| 5:05 | Create | Villager (Male) |
| 6:17 | Create | Villager (Male) |
| 6:24 | Build | Lumber Camp |
| 6:38 | Create | Villager (Male) |
| 6:54 | Create | Villager (Male) |
| 7:32 | Create | Villager (Male) |
| 7:43 | Create | Villager (Male) |
| 7:50 | Build | Mining Camp |
| 8:19 | Create | Villager (Male) |
| 8:40 | Research | Feudal Age |
| 9:22 | Build | Farm |
| 9:25 | Build | Farm |
| 9:28 | Build | Farm |
| 9:33 | Build | Farm |
| 9:40 | Create | Villager (Male) |
| 9:41 | Create | Villager (Male) |
| 10:08 | Build | Palisade Wall |
| 10:14 | Build | Palisade Wall |
| 10:20 | Build | Palisade Wall |
| 10:28 | Build | Palisade Wall |
| 11:01 | Age | Feudal Age |
| 11:13 | Build | Palisade Wall |
| 11:16 | Build | Market |
| 11:20 | Build | Blacksmith |
| 11:50 | Build | Watch Tower |
| 11:59 | Build | Palisade Wall |
| 12:06 | Build | House |
| 12:10 | Create | Villager (Male) |
| 12:23 | Build | Farm |
| 12:48 | Build | Mining Camp |
| 13:10 | Create | Villager (Male) |
| 13:41 | Build | Farm |
| 14:07 | Research | Castle Age |
| 14:49 | Research | Double-Bit Axe |
| 14:49 | Research | Double-Bit Axe |
| 16:21 | Create | Villager (Male) |
| 16:47 | Age | Castle Age |
| 16:50 | Build | Town Center |
| 16:52 | Build | Siege Workshop |
| 17:12 | Create | Villager (Male) |
| 17:15 | Research | Bow Saw |
| 17:18 | Create | Villager (Male) |
| 17:41 | Create | Iron Pagoda |
| 17:42 | Create | Villager (Male) |
| 17:44 | Build | Farm |
| 17:52 | Create | Villager (Male) |
| 17:54 | Build | Farm |
| 18:08 | Build | Farm |
| 18:17 | Create | Villager (Male) |
| 18:18 | Create | Villager (Male) |
| 18:19 | Create | Villager (Male) |
| 18:28 | Create | Villager (Male) |
| 18:33 | Build | Farm |
| 18:40 | Research | Horse Collar |
| 18:58 | Create | Villager (Male) |
| 19:20 | Create | Villager (Male) |
| 19:21 | Create | Villager (Male) |
| 19:32 | Build | Farm |
| 19:34 | Build | Farm |
| 19:35 | Create | Villager (Male) |
| 19:35 | Create | Villager (Male) |
| 19:37 | Build | Farm |
| 19:48 | Build | Town Center |
| 19:51 | Create | Villager (Male) |
| 19:51 | Create | Villager (Male) |
| 20:01 | Build | Farm |
| 20:05 | Create | Villager (Male) |
| 20:05 | Create | Villager (Male) |
| 20:18 | Build | Farm |
| 20:21 | Build | Farm |
| 20:21 | Build | Farm |
| 20:21 | Build | Farm |
| 20:22 | Build | Farm |
| 20:22 | Create | Villager (Male) |
| 20:23 | Create | Villager (Male) |
| 20:37 | Create | Villager (Male) |
| 20:37 | Create | Villager (Male) |
| 20:49 | Create | Villager (Male) |
| 20:50 | Create | Villager (Male) |
| 20:55 | Build | Farm |
| 20:59 | Build | Farm |
| 21:05 | Build | Farm |
| 21:06 | Build | Farm |
| 21:06 | Create | Villager (Male) |
| 21:07 | Create | Villager (Male) |
| 21:12 | Build | Farm |
| 21:15 | Create | Villager (Male) |
| 21:15 | Create | Villager (Male) |
| 21:22 | Create | Villager (Male) |
| 21:23 | Create | Villager (Male) |
| 21:32 | Build | Farm |
| 21:35 | Build | Farm |
| 21:46 | Research | Town Watch |
| 21:47 | Create | Villager (Male) |
| 21:47 | Create | Villager (Male) |
| 21:56 | Create | Villager (Male) |
| 21:56 | Create | Villager (Male) |
| 22:04 | Create | Villager (Male) |
| 22:04 | Create | Villager (Male) |
| 22:10 | Build | Farm |
| 22:11 | Create | Villager (Male) |
| 22:20 | Build | House |
| 22:29 | Build | Palisade Wall |
| 22:33 | Create | Villager (Male) |
| 22:34 | Create | Villager (Male) |
| 22:35 | Create | Villager (Male) |
| 22:35 | Create | Villager (Male) |
| 22:44 | Create | Villager (Male) |
| 22:44 | Create | Villager (Male) |
| 23:10 | Create | Villager (Male) |
| 23:15 | Create | Villager (Male) |
| 23:15 | Create | Villager (Male) |
| 23:16 | Create | Villager (Male) |
| 23:18 | Create | Villager (Male) |
| 23:18 | Create | Villager (Male) |
| 23:22 | Create | Villager (Male) |
| 23:23 | Create | Villager (Male) |
| 23:27 | Build | University |
| 23:34 | Create | Villager (Male) |
| 23:38 | Create | Villager (Male) |
| 23:38 | Create | Villager (Male) |
| 23:44 | Build | Mill |
| 23:52 | Build | Barracks |
| 23:55 | Create | Iron Pagoda |
| 23:59 | Create | Scorpion |
| 24:00 | Create | Villager (Male) |
Build order — 盐堆大王
First 150 of 228 actions detected
| 0:01 | Create | Villager (Male) |
| 0:03 | Build | House |
| 0:04 | Build | House |
| 0:08 | Create | Villager (Male) |
| 0:11 | Create | Villager (Male) |
| 0:12 | Create | Villager (Male) |
| 1:39 | Create | Villager (Male) |
| 2:03 | Create | Villager (Male) |
| 2:27 | Build | Lumber Camp |
| 2:30 | Create | Villager (Male) |
| 2:30 | Create | Villager (Male) |
| 2:30 | Create | Villager (Male) |
| 3:15 | Create | Villager (Male) |
| 3:39 | Create | Villager (Male) |
| 3:51 | Create | Villager (Male) |
| 3:59 | Build | Mill |
| 4:12 | Create | Villager (Male) |
| 4:18 | Build | House |
| 4:31 | Build | Palisade Wall |
| 4:44 | Build | Palisade Wall |
| 5:01 | Build | House |
| 5:04 | Create | Villager (Male) |
| 5:11 | Create | Villager (Male) |
| 5:57 | Create | Villager (Male) |
| 5:58 | Research | Loom |
| 6:39 | Build | House |
| 6:40 | Build | Palisade Wall |
| 6:42 | Build | Palisade Wall |
| 6:45 | Research | Feudal Age |
| 7:30 | Build | Palisade Wall |
| 7:32 | Build | Palisade Wall |
| 7:33 | Build | Palisade Wall |
| 7:35 | Build | Palisade Wall |
| 7:37 | Build | Palisade Wall |
| 7:53 | Build | Barracks |
| 8:24 | Create | Villager (Male) |
| 8:57 | Age | Feudal Age |
| 8:59 | Build | Stable |
| 9:01 | Research | Double-Bit Axe |
| 9:25 | Create | Villager (Male) |
| 9:31 | Build | House |
| 9:34 | Create | Villager (Male) |
| 9:44 | Create | Scout Cavalry |
| 9:44 | Create | Scout Cavalry |
| 10:11 | Build | House |
| 10:20 | Create | Villager (Male) |
| 10:27 | Build | Mining Camp |
| 10:40 | Build | House |
| 10:48 | Create | Villager (Male) |
| 11:07 | Create | Villager (Male) |
| 11:18 | Build | Watch Tower |
| 11:19 | Create | Villager (Male) |
| 11:24 | Build | Farm |
| 11:34 | Build | Farm |
| 11:34 | Create | Villager (Male) |
| 11:41 | Build | Palisade Wall |
| 11:48 | Create | Villager (Male) |
| 11:59 | Build | Farm |
| 12:00 | Build | Farm |
| 12:02 | Create | Villager (Male) |
| 12:27 | Create | Villager (Male) |
| 12:38 | Create | Villager (Male) |
| 12:46 | Build | Palisade Wall |
| 12:50 | Build | Farm |
| 12:52 | Build | Farm |
| 13:11 | Create | Villager (Male) |
| 13:35 | Create | Villager (Male) |
| 13:37 | Build | Farm |
| 13:37 | Build | Farm |
| 13:37 | Build | Farm |
| 13:54 | Create | Villager (Male) |
| 13:56 | Build | Farm |
| 13:57 | Build | Farm |
| 13:57 | Build | Farm |
| 13:57 | Build | Farm |
| 13:57 | Build | Farm |
| 13:58 | Create | Villager (Male) |
| 14:40 | Create | Villager (Male) |
| 14:48 | Create | Villager (Male) |
| 15:05 | Create | Villager (Male) |
| 15:06 | Build | Farm |
| 15:06 | Build | Farm |
| 15:06 | Build | Farm |
| 15:07 | Build | Farm |
| 15:07 | Build | Farm |
| 15:07 | Build | Farm |
| 15:24 | Build | Watch Tower |
| 15:39 | Create | Villager (Male) |
| 16:02 | Build | Watch Tower |
| 16:08 | Build | Palisade Wall |
| 16:09 | Build | Palisade Wall |
| 16:10 | Build | Palisade Wall |
| 16:10 | Build | Palisade Wall |
| 16:11 | Build | Palisade Wall |
| 16:29 | Build | Mining Camp |
| 16:43 | Build | House |
| 16:45 | Build | House |
| 16:46 | Build | Palisade Wall |
| 16:47 | Build | Palisade Wall |
| 16:48 | Build | Palisade Wall |
| 16:49 | Build | Palisade Wall |
| 16:50 | Build | Palisade Wall |
| 17:19 | Build | Mining Camp |
| 17:33 | Create | Villager (Male) |
| 17:37 | Build | Blacksmith |
| 18:15 | Research | Castle Age |
| 18:20 | Build | Mining Camp |
| 18:28 | Research | Fletching |
| 18:38 | Create | Villager (Male) |
| 18:42 | Research | Stone Mining |
| 19:18 | Build | House |
| 19:19 | Build | Palisade Wall |
| 19:23 | Build | House |
| 19:25 | Build | House |
| 19:31 | Build | Palisade Wall |
| 19:46 | Create | Villager (Male) |
| 20:21 | Create | Scout Cavalry |
| 20:48 | Build | Farm |
| 20:51 | Build | Farm |
| 20:53 | Build | Farm |
| 20:55 | Age | Castle Age |
| 20:59 | Research | Light Cavalry (upgrade) |
| 21:00 | Research | Scale Barding Armor |
| 21:15 | Create | Villager (Male) |
| 21:31 | Create | Villager (Male) |
| 21:35 | Build | Market |
| 21:54 | Create | Villager (Male) |
| 22:27 | Research | Chain Barding Armor |
| 22:31 | Build | Castle |
| 22:55 | Create | Villager (Male) |
| 23:14 | Create | Villager (Male) |
| 23:34 | Create | Conquistador |
| 23:45 | Build | Siege Workshop |
| 23:48 | Create | Villager (Male) |
| 23:56 | Build | Lumber Camp |
| 24:01 | Create | Villager (Male) |
| 24:09 | Create | Mangonel |
| 24:25 | Create | Villager (Male) |
| 24:40 | Create | Mangonel |
| 24:41 | Create | Villager (Male) |
| 24:55 | Create | Villager (Male) |
| 25:05 | Create | Villager (Male) |
| 25:38 | Create | Mangonel |
| 25:56 | Create | Mangonel |
| 25:57 | Create | Villager (Male) |
| 26:00 | Create | Conquistador |
| 26:03 | Create | Villager (Male) |
| 26:16 | Research | Padded Archer Armor |
| 26:37 | Create | Conquistador |
| 26:56 | Create | Conquistador |
Match timeline
| 4:31 | 盐堆大王 · wall_segment Palisade Wall x1 |
| 4:44 | 盐堆大王 · wall_segment Palisade Wall x1 |
| 6:40 | 盐堆大王 · wall_segment Palisade Wall x3 |
| 6:42 | 盐堆大王 · wall_segment Palisade Wall x1 |
| 7:30 | 盐堆大王 · wall_segment Palisade Wall x1 |
| 7:32 | 盐堆大王 · wall_segment Palisade Wall x1 |
| 7:33 | 盐堆大王 · wall_segment Palisade Wall x1 |
| 7:35 | 盐堆大王 · wall_segment Palisade Wall x1 |
| 7:37 | 盐堆大王 · wall_segment Palisade Wall x1 |
| 7:53 | 盐堆大王 · first_building Barracks |
| 8:57 | 盐堆大王 · age_up feudal |
| 8:59 | 盐堆大王 · first_building Stable |
| 10:08 | OS | pilot · wall_segment Palisade Wall x6 |
| 10:14 | OS | pilot · wall_segment Palisade Wall x7 |
| 10:20 | OS | pilot · wall_segment Palisade Wall x8 |
| 10:28 | OS | pilot · wall_segment Palisade Wall x10 |
| 11:01 | OS | pilot · age_up feudal |
| 11:13 | OS | pilot · wall_segment Palisade Wall x1 |
| 11:41 | 盐堆大王 · wall_segment Palisade Wall x10 |
| 11:59 | OS | pilot · wall_segment Palisade Wall x4 |
| 12:46 | 盐堆大王 · wall_segment Palisade Wall x5 |
| 16:08 | 盐堆大王 · wall_segment Palisade Wall x1 |
| 16:09 | 盐堆大王 · wall_segment Palisade Wall x1 |
| 16:10 | 盐堆大王 · wall_segment Palisade Wall x1 |
| 16:10 | 盐堆大王 · wall_segment Palisade Wall x1 |
| 16:11 | 盐堆大王 · wall_segment Palisade Wall x1 |
| 16:46 | 盐堆大王 · wall_segment Palisade Wall x1 |
| 16:47 | OS | pilot · age_up castle |
| 16:47 | 盐堆大王 · wall_segment Palisade Wall x1 |
| 16:48 | 盐堆大王 · wall_segment Palisade Wall x1 |
| 16:49 | 盐堆大王 · wall_segment Palisade Wall x1 |
| 16:50 | 盐堆大王 · wall_segment Palisade Wall x1 |
| 16:52 | OS | pilot · first_building Siege Workshop |
| 17:40 | OS | pilot · first_market_sell 100 wood |
| 19:19 | 盐堆大王 · wall_segment Palisade Wall x1 |
| 19:31 | 盐堆大王 · wall_segment Palisade Wall x11 |
| 20:55 | 盐堆大王 · age_up castle |
| 22:20 | 盐堆大王 · first_market_buy 100 food |
| 22:29 | OS | pilot · wall_segment Palisade Wall x1 |
| 22:31 | 盐堆大王 · first_building Castle |
| 23:45 | 盐堆大王 · first_building Siege Workshop |
| 23:52 | OS | pilot · first_building Barracks |
| 24:04 | 盐堆大王 · first_market_sell 100 stone |
| 24:46 | OS | pilot · first_building Archery Range |
| 30:17 | OS | pilot · first_building Castle |
| 37:11 | 盐堆大王 · first_building Monastery |
| 37:16 | OS | pilot · age_up imperial |
| 37:32 | OS | pilot · first_market_buy 100 stone |
| 38:28 | OS | pilot · first_building Stable |
| 39:28 | OS | pilot · first_building Monastery |
| 39:38 | 盐堆大王 · age_up imperial |
| 41:09 | 盐堆大王 · resign |
[ AI ANALYSIS · 1 CREDIT ]
What really happened in this match?
Wolo.gg analyzes every decision: build order, eco, micro, common mistakes by bracket. Personalized analysis on WhatsApp or Discord in 30 seconds.
Civ guide
Chinese
Perfil
OS | pilot